 Dungeon Crawl Stone Soup version 0.26-a0-1049-g242049e08c (webtiles) character file.

Game seed: 17470966440585657003

547902 thewurscht the Shatterer (level 25, -2/173 HPs)
             Began as a Gargoyle Fighter on Dec 11, 2020.
             Was the Champion of the Shining One.
             Splashed by an acid blob's acid (16 damage)
             ... on level 4 of the Depths on Dec 12, 2020.
             The game lasted 02:54:47 (52175 turns).

thewurscht the Shatterer (Gargoyle Fighter)        Turns: 52175, Time: 02:54:47

Health: -2/173     AC: 55    Str: 29    XL:     25   Next: 56%
Magic:  32/32      EV: 17    Int: 16    God:    the Shining One [******]
Gold:   3207       SH: 36    Dex: 16    Spells: 33/37 levels left

rFire    . . .     SeeInvis .   Y - +9 sacred scourge (holy)
rCold    . . .     Faith    .   K - +5 kite shield of Modesty {rElec Int+2 Slay+3}
rNeg     + + +     Spirit   .   o - +8 plate armour of the Devil {rN+}
rPois    ∞         Reflect  +   a - +2 helmet of Ysotovie {+Blink +Fly}
rElec    +         Harm     .   v - +2 cloak {Will+}
rCorr    .         Rampage  .   l - +3 pair of gauntlets of War {Slay+5}
Will     ++...                  z - +2 pair of boots
Stlth    ..........             i - amulet "Nokonot" {Reflect rElec Str-5 Int+4 SH+5}
HPRegen  0.38/turn              V - +6 ring of dexterity
MPRegen  0.23/turn              T - +6 ring of strength

@: divine shield, corroded, flying, glowing, studying Evocations
A: big wings, dopey 1, negative energy resistance 1, electricity resistance,
unbreathing, petrification resistance, rot immunity, AC +19
}: 4/15 runes: decaying, serpentine, silver, abyssal
a: Stop Flying, Divine Shield, Cleansing Flame, Summon Divine Warrior, Renounce
Religion, Evoke Blink


You were on level 4 of the Depths.
You worshipped the Shining One.
The Shining One was exalted by your worship.
You visited 8 branches of the dungeon, and saw 41 of its levels.
You visited the Abyss 1 time.
You also visited: Bailey, Ice Cave and Volcano.

You collected 7786 gold pieces.
You spent 4579 gold pieces at shops.

Inventory:

Hand Weapons
 Y - a +9 sacred scourge of holy wrath (weapon)
Armour
 a - the +2 helmet of Ysotovie (worn) {+Blink +Fly}
   (You found it on level 5 of the Vaults)

   It lets you fly.
   It lets you blink.
 l - the +3 pair of gauntlets of War (worn) {Slay+5}
   (You bought it in a shop on level 2 of the Vaults)

   It affects your accuracy and damage with ranged weapons and melee attacks
   (+5).
 o - the +8 plate armour of the Devil (worn) {rN+}
   (You acquired it on level 6 of the Lair of Beasts)

   It protects you from negative energy.
 v - a +2 cloak of willpower (worn)
 z - a +2 pair of boots (worn)
 K - the +5 kite shield of Modesty (worn) {rElec Int+2 Slay+3}
   (You found it on level 8 of the Dungeon)

   It affects your intelligence (+2).
   It affects your accuracy and damage with ranged weapons and melee attacks
   (+3).
   It insulates you from electricity.
 Q - a +1 crystal plate armour
Jewellery
 i - the amulet "Nokonot" (around neck) {Reflect rElec Str-5 Int+4 SH+5}
   (You found it on level 3 of the Snake Pit)

   [amulet of reflection]

   It shields you and reflects attacks.
   It affects your strength (-5).
   It affects your intelligence (+4).
   It insulates you from electricity.
   It affects your SH (+5).
 F - an uncursed ring of magical power
 H - an uncursed ring of resist corrosion
 T - a +6 ring of strength (right hand)
 V - a +6 ring of dexterity (left hand)
Wands
 k - a wand of digging (16)
 m - a wand of disintegration (32)
 u - a wand of iceblast (9)
 w - a wand of enslavement (38)
 y - a wand of polymorph (62)
 B - a wand of acid (3)
 C - a wand of paralysis (26)
 E - a wand of flame (20)
Scrolls
 e - 18 scrolls of teleportation
 f - 16 scrolls of remove curse
 g - 2 scrolls of enchant armour
 h - 5 scrolls of fog
 j - 4 scrolls of fear
 r - a scroll of brand weapon
 s - 7 scrolls of magic mapping
 A - 7 scrolls of blinking
 I - 5 scrolls of summoning
 J - 8 scrolls of identify
 L - 4 scrolls of holy word
 N - a scroll of silence
Potions
 c - 6 potions of haste
 d - 11 potions of might
 n - 10 potions of magic
 p - 9 potions of resistance
 q - 4 potions of berserk rage
 t - 8 potions of mutation
 x - 3 potions of curing
 D - 8 potions of brilliance
 S - 2 potions of cancellation
Books
 U - a manual of Evocations
Miscellaneous
 G - a phantom mirror
 Z - a lightning rod (4/4)


   Skills:
 + Level 22.2 Fighting
 * Level 22.6 Maces & Flails
 + Level 20.7 Armour
 + Level 13.2 Dodging
 - Level 15.0 Shields
 * Level 6.5 Spellcasting
 - Level 6.0 Transmutations
 * Level 1.0 Air Magic
 - Level 12.0 Invocations
 - Level 10.0 Evocations


You had 33 spell levels left.
You knew the following spells:

 Your Spells              Type           Power        Failure   Level
a - Wereblood             Tmut           ###.....     7%          2
b - Swiftness             Air            #.......     45%         2

Your spell library contained the following spells:

 Spells                   Type           Power        Failure   Level
 Sting                    Tmut/Pois      ##..         16%         1
 Shock                    Conj/Air       #...         41%         1
 Animate Skeleton         Necr           #.....       47%         1
 Apportation              Tloc           #.....       47%         1
 Foxfire                  Conj/Fire      #...         47%         1
 Pain                     Necr           #...         47%         1
 Sandblast                Erth           #.....       47%         1
 Summon Small Mammal      Summ           #...         47%         1
 Corpse Rot               Necr/Air       N/A          54%         2
 Poisonous Vapours        Pois/Air       #.....       54%         2
 Ignite Poison            Fire/Tmut/Pois ##......     56%         3
 Call Imp                 Summ           #.......     63%         2
 Static Discharge         Conj/Air       #.......     78%         3
 Mephitic Cloud           Conj/Pois/Air  #.......     80%         3
 Petrify                  Tmut/Erth      ##......     83%         4
 Call Canine Familiar     Summ           #.......     85%         3
 Confusing Touch          Hex            #.......     85%         3
 Conjure Flame            Conj/Fire      #.......     85%         3
 Gell's Gravitas          Tloc           #.........   85%         3
 Inner Flame              Hex/Fire       #.......     85%         3
 Lesser Beckoning         Tloc           #.........   85%         3
 Summon Guardian Golem    Hex/Summ       #.......     85%         3
 Tukima's Dance           Hex            #.......     85%         3
 Vampiric Draining        Necr           #.........   85%         3
 Airstrike                Air            #.........   98%         4
 Animate Dead             Necr           #.........   99%         4
 Dispel Undead            Necr           #.......     99%         4
 Leda's Liquefaction      Hex/Erth       #.........   99%         4
 Olgreb's Toxic Radiance  Pois           #.......     99%         4
 Sticky Flame             Conj/Fire      #.......     99%         4
 Summon Ice Beast         Ice/Summ       #.......     99%         4
 Summon Lightning Spire   Summ/Air       #.......     99%         4
 Alistair's Intoxication  Tmut/Pois      ##.......    99%         5
 Irradiate                Conj/Tmut      ##........   99%         5
 Yara's Violent Unravell  Hex/Tmut       ##........   99%         5
 Agony                    Necr           #.......     100%        5
 Bolt of Magma            Conj/Fire/Erth #.........   100%        5
 Excruciating Wounds      Necr           #.........   100%        5
 Fireball                 Conj/Fire      #.........   100%        5
 Lightning Bolt           Conj/Air       #.........   100%        5
 Metabolic Englaciation   Hex/Ice        #.........   100%        5
 Summon Demon             Summ           #.........   100%        5
 Summon Forest            Summ/Tloc      #.........   100%        5
 Summon Mana Viper        Hex/Summ       #.......     100%        5
 Eringya's Noxious Bog    Tmut/Pois      ##........   100%        6
 Freezing Cloud           Conj/Ice/Air   #.........   100%        6
 Invisibility             Hex            #.......     100%        6
 Iron Shot                Conj/Erth      #.........   100%        6
 Shadow Creatures         Summ           N/A          100%        6
 Summon Hydra             Summ           #.........   100%        7
 Shatter                  Erth           #.........   100%        9
 Sublimation of Blood     Necr           Unusable     N/A         2
 Statue Form              Tmut/Erth      Unusable     N/A         6

Dungeon Overview and Level Annotations

Branches:
Dungeon (15/15)            Temple (0/1) D:5            Lair (6/6) D:9
  Swamp (4/4) Lair:4        Snake (4/4) Lair:2        Slime (0/5) Lair:6
    Orc (2/2) D:11            Elf (1/3) Orc:2        Vaults (5/5) D:13
  Crypt (0/3) Vaults:3     Depths (4/5) D:15         Bailey (visited)
  IceCv (visited)         Volcano (visited)

Altars:
Ashenzari
Gozag
Hepliaklqana
Kikubaaqudgha
Makhleb
Nemelex Xobeh
Okawaru
Qazlal
Ru
Trog
Uskayaw
Vehumet
Xom
Yredelemnul
Zin
The Shining One
Beogh
Jiyva

Shops:
D:4 =   D:5 }   D:8 =   Orc:1 *   Orc:2 [=[:   Snake:2 !   Vaults:2 [
Vaults:4 (?!   Depths:1 (([:   Depths:2 *[!

Portals:
Hell: Depths:1 Depths:2 Depths:3
Pandemonium: Depths:1 Depths:3
Trove: Depths:3 (show slimy rune of Zot)


Innate Abilities, Weirdness & Mutations

You are resistant to torment.
Your stone body is resilient. (AC +19)
You are immune to poison.
Your large and strong wings let you fly indefinitely.
You resist negative energy. (rN+)
You are resistant to electric shocks. (rElec)
You can survive without breathing.
You are immune to petrification.
You are immune to rotting.
You are dopey. (Int -2)


Message History

You thrash the acid blob!!
Your hands burn!
* * * LOW HITPOINT WARNING * * *
The acid blob is heavily wounded.
You block the acid blob's attack.
You hit the acid blob. The acid corrodes you!
Your hands burn!
* * * LOW HITPOINT WARNING * * *
The acid blob is heavily wounded.
The acid blob spits acid at you. The splash of acid hits you!
* * * LOW HITPOINT WARNING * * *
The acid corrodes you!
You are splashed with acid!
* * * LOW HITPOINT WARNING * * *
Two slime creatures merge to form a large slime creature.
The acid blob spits acid at you.
The splash of acid reflects off an invisible shield around you!
The splash of acid hits the acid blob.
The acid blob completely resists.
The acid blob spits acid at you.
The splash of acid hits you but does no damage.
The acid corrodes you!
You are splashed with acid!
You die...

#...# #...# #...# #...#
#...# #...#
.#####...###...#######.
..........)............
....|..............(..
......................
####...###)..#######.
#....@# #††[# #.#...#
#†.†# ##.....###...#
#..#J#..##.†)#
#..##J##..#...#
#.##.JJ##.#.).#
#.#...JJ#.#...#
#.#.#.#J#.#...#
#.#.#:#J#.#...#


You could see an acid blob, 3 azure jellies, 2 large slime creatures and a death
ooze.

Vanquished Creatures
  Nikola (Snake:3)
  the Enchantress (Depths:4)
  Jory (Vaults:4)
  6 liches
  An Ice Fiend (IceCv)
  Rupert (Orc:2)
  Jorgrun (Swamp:1)
  A Hell Sentinel (Abyss:3)
  A quicksilver dragon (Vaults:4)
  Asterion (Snake:3)
  3 tentacled starspawn
  7 titans
  2 acid blobs (Depths:4)
  A sphinx (Vaults:4)
  Kirke (Swamp:3)
  Agnes (Snake:4)
  Donald (Vaults:4)
  4 tengu reavers
  Gastronok (Lair:3)
  Roxanne (Snake:4)
  4 shadow dragons (Vaults:5)
  6 nagarajas
  2 storm dragons (Vaults:5)
  2 azure jellies (Depths:4)
  9 fire giants
  4 deep elf sorcerers
  The ghost of glosham the Wrestler, a journeyman TrBr of Cheibriados (Lair:6)
  A fenstrider witch (Swamp:1)
  27 vault wardens
  4 frost giants
  2 orc warlords (Depths:2)
  A deep elf elementalist (Vaults:5)
  3 spriggan defenders
  Aizul (Snake:3)
  A ghoul (Vaults:5)
  An angel (Abyss:3)
  2 war gargoyles (Vaults:5)
  18 ironheart preservers
  20 stone giants
  A stone giant (shapeshifter) (Vaults:5)
  16 very ugly things
  A vampire knight (Depths:2)
  3 deep elf demonologists
  3 bunyips
  Azrael (Snake:2)
  5 deep elf annihilators
  2 entropy weavers
  A minotaur (Lair:6)
  3 spark wasps (Depths:1)
  5 eleionomae
  A merfolk javelineer (Depths:1)
  21 ettins
  2 deep elf death magi
  7 great orbs of eyes
  6 fire dragons
  A deep elf high priest (Vaults:5)
  Fannar (Lair:2)
  12 yaktaur captains
  A merfolk avatar (Lair:6)
  6 boulder beetles
  11 ice dragons
  6 rakshasas
  36 vault guards
  21 naga warriors
  The ghost of lis82 the Zephyrmancer, a journeyman DgAE (D:11)
  8 ghost crabs
  22 hydras
  A hydra (shapeshifter) (Depths:1)
  12 centaur warriors
  3 spriggan air magi (Depths:4)
  A monstrous demonspawn (Depths:3)
  A catoblepas (Lair:3)
  14 anacondas
  4 alligators
  2 death knights (Vaults:5)
  50 two-headed ogres
  5 deep troll shamans
  8 dancing weapons
  7 deep troll earth magi
  2 vampire magi
  6 tengu warriors
  20 ogre magi
  A hell hog (Depths:1)
  A storm dragon zombie (Vaults:5)
  5 shock serpents
  Urug (Lair:2)
  11 orc high priests
  2 spriggan berserkers
  3 thrashing horrors (Abyss:3)
  6 deep elf knights
  Nergalle (Lair:2)
  9 naga sharpshooters
  7 hell knights
  2 sun demons (Depths:3)
  7 spriggans
  A fire crab (shapeshifter) (Vaults:4)
  2 wretched stars
  Sonja (Orc:1)
  3 iron trolls (Depths:2)
  2 sixfirhies
  A goliath frog (shapeshifter) (Vaults:5)
  4 salamander mystics
  11 skeletal warriors
  4 unseen horrors
  4 goliath frogs
  2 sea snakes (Lair:6)
  An unseen horror (shapeshifter) (Vaults:3)
  7 flayed ghosts
  8 spriggan druids
  22 deep trolls
  2 bog bodies
  A glowing orange brain (shapeshifter) (Vaults:5)
  10 naga ritualists
  2 glowing orange brains
  9 swamp dragons
  5 harpies (Vaults:5)
  2 lindwurms (Swamp:4)
  13 ironbrand convokers
  10 wizards
  A sphinx zombie (Vaults:5)
  2 phantasmal warriors
  6 deep elf archers
  12 orc knights
  2 anaconda skeletons (Volcano)
  10 mana vipers
  6 necromancers
  39 ugly things
  2 orc sorcerers
  3 wolf spiders
  3 human zombies
  A fire giant zombie (Vaults:5)
  3 will-o-the-wisps
  34 deep elf magi
  17 salamanders
  2 stone giant zombies
  7 cyclopes
  Joseph (D:6)
  2 centaur zombies
  7 guardian serpents
  3 manticores
  2 black mambas (shapeshifter)
  17 vault sentinels
  12 elephants
  2 fire giant skeletons
  4 ice statues (IceCv)
  4 apocalypse crabs (Swamp:3)
  Psyche (D:12)
  16 naga magi
  11 gargoyles
  2 frost giant skeletons
  32 black mambas
  17 cane toads
  A torpor snail (Lair:3)
  A hellion (Abyss:3)
  7 rime drakes
  An orange demon (Abyss:2)
  A smoke demon (Abyss:2)
  6 freezing wraiths
  51 yaktaurs
  3 centaur skeletons
  A tormentor (Depths:3)
  2 yaktaur skeletons
  2 anaconda simulacra (IceCv)
  5 ancient zymes
  A golden dragon simulacrum (IceCv)
  9 ice devils (IceCv)
  12 komodo dragons
  A tengu conjurer (Depths:1)
  A hellwing (Depths:3)
  A silent spectre (Abyss:3)
  A meliai (shapeshifter) (D:14)
  A jumping spider (shapeshifter) (Vaults:3)
  3 polar bears
  Grinder (D:6)
  23 slime creatures
  6 trolls
  A tengu simulacrum (Vaults:1)
  A tyrant leech (shapeshifter) (Depths:2)
  11 hornets
  14 tyrant leeches
  A queen bee (Lair:1)
  5 raiju (Abyss:3)
  7 blink frogs
  An ice dragon zombie (D:15)
  2 meliai zombies
  2 dream sheep (Lair:6)
  2 harpy skeletons (Volcano)
  2 stone giant simulacra (Vaults:3)
  A deep troll skeleton (Depths:1)
  An alligator skeleton (Volcano)
  2 flying skulls (Volcano)
  5 redbacks
  8 water elementals (Depths:1)
  An air elemental (Elf:1)
  7 wyverns
  2 spriggans (shapeshifter) (Vaults:5)
  3 humans (Depths:2)
  5 large abominations
  4 vampires
  2 dire elephant simulacra (IceCv)
  7 wraiths
  56 yaks
  3 basilisks
  2 hogs (Swamp:3)
  5 fire elementals
  A golden eye (shapeshifter) (Vaults:1)
  A neqoxec (Abyss:2)
  2 steam dragons (D:14)
  2 vampire mosquitoes (Swamp:1)
  2 chaos spawn (Abyss:3)
  A soldier ant (D:11)
  16 swamp worms
  2 yaktaur simulacra (Vaults:3)
  A spatial vortex (Abyss:3)
  3 acid dragons
  A soldier ant (shapeshifter) (Vaults:5)
  2 insubstantial wisps (Abyss:3)
  Edmund (D:6)
  3 harpy simulacra (IceCv)
  An iron troll simulacrum (IceCv)
  9 wargs
  54 nagas
  A naga (shapeshifter) (Vaults:3)
  Menkaure (D:6)
  16 water moccasins
  Duvessa (D:7)
  A floating eye (Abyss:3)
  13 hell hounds
  A black bear (D:9)
  A hydra simulacrum (IceCv)
  5 sky beasts
  7 swamp drakes
  33 orc warriors
  8 boggarts
  An elf zombie (Vaults:5)
  3 ice beasts
  A tengu (shapeshifter) (Vaults:5)
  42 ogres
  19 centaurs
  16 wolves
  A big kobold (D:12)
  22 bullfrogs
  A gnoll sergeant (D:12)
  2 small abominations (Abyss:3)
  3 scorpions
  A wyvern skeleton (D:11)
  Dowan (D:7)
  9 wights
  25 killer bees (Lair:1)
  2 troll skeletons (Volcano)
  3 spriggan skeletons
  2 howler monkeys
  2 bullfrog zombies
  A lava snake (Lair:2)
  A human simulacrum (Vaults:2)
  4 hounds
  3 jellies
  8 starcursed masses (Abyss:3)
  33 orc priests
  4 iron imps
  3 bullfrog skeletons
  9 worker ants
  Natasha (thrice) (D:4)
  6 iguanas
  27 orc wizards
  2 spectral hounds (Depths:2)
  2 naga skeletons (Volcano)
  2 hound skeletons
  2 worker ant zombies
  Robin (D:4)
  A howler monkey zombie (D:5)
  7 gnolls
  A howler monkey skeleton (D:6)
  14 adders
  3 shadow imps
  6 white imps
  2 ufetubi (Abyss:3)
  3 worms
  3 leopard geckos
  122 orcs
  2 giant cockroaches
  24 goblins
  7 hobgoblins
  12 jackals
  15 kobolds
  3 quokkas
  3 ball pythons
  9 bats
  8 frilled lizards
  A leopard gecko skeleton (D:6)
  A quokka skeleton (D:8)
  2 quokka zombies
  2 rats (D:1)
  A plant (Depths:1)
  2 starspawn tentacles (Abyss:3)
1967 creatures vanquished.

Vanquished Creatures (collateral kills)
  Vashnia (Snake:4)
  A bone dragon (Abyss:3)
  A tentacled starspawn (Abyss:3)
  A nagaraja (Snake:4)
  A reaper (Abyss:3)
  2 ettins (Abyss:3)
  A blizzard demon (Abyss:3)
  A green death (Abyss:3)
  A two-headed ogre (Vaults:5)
  2 thrashing horrors (Abyss:3)
  2 hell knights (Abyss:3)
  3 wretched stars (Abyss:3)
  A naga sharpshooter (Snake:4)
  A spatial maelstrom (Abyss:3)
  A salamander mystic (Snake:4)
  A mana viper (Snake:4)
  An apocalypse crab (Abyss:3)
  A smoke demon (Abyss:3)
  2 black mambas (Snake:4)
  A freezing wraith (Abyss:3)
  2 ancient zymes (Abyss:3)
  A tyrant leech (Abyss:3)
  6 raiju (Abyss:3)
  A wraith (Abyss:3)
  3 nagas (Snake:4)
  2 large abominations (Abyss:3)
  An eye of draining (Abyss:3)
  A sky beast (Abyss:3)
  A small abomination (Abyss:3)
  A cane toad simulacrum (Abyss:3)
  9 starcursed masses (Abyss:3)
  2 ufetubi (Abyss:3)
56 creatures vanquished.

Vanquished Creatures (others)
  Frances (Swamp:1)
  A spriggan defender (Depths:4)
  A very ugly thing (Depths:4)
  A yaktaur captain (Depths:4)
  A deep elf high priest (Depths:4)
  A deep troll earth mage (Depths:4)
  A deep troll (Vaults:5)
  A lindwurm (Swamp:4)
  A black mamba (Snake:4)
  A tyrant leech (Swamp:4)
  A flying skull (Volcano)
  3 nagas
  4 ogres
  A wolf (Depths:2)
  An orc (Orc:2)
  A kobold (D:12)
  16 foxfires
  30 fungi
  71 plants
  8 starspawn tentacles
  2 withered plants (D:15)
148 creatures vanquished.

Grand Total: 2171 creatures vanquished

Notes
Turn   | Place    | Note
-------+----------+-------------------------------------------
     0 | D:1      | thewurscht the Gargoyle Fighter began the quest for the
                  | Orb.
     0 | D:1      | Reached XP level 1. HP: 14/14 MP: 1/1
   435 | D:1      | Reached XP level 2. HP: 14/19 MP: 2/2
  1242 | D:2      | Reached XP level 3. HP: 15/24 MP: 3/3
  1461 | D:2      | Reached XP level 4. HP: 23/29 MP: 4/4
  1918 | D:2      | Found a glowing golden altar of the Shining One.
  1931 | D:2      | Became a worshipper of the Shining One
  2068 | D:2      | Found a hazy altar of Hepliaklqana.
  2069 | D:2      | Found a shimmering altar of Xom.
  2070 | D:2      | Noticed a spectral ugly thing
  2422 | D:3      | Reached skill level 1 in Dodging
  2422 | D:3      | Reached XP level 5. HP: 32/34 MP: 5/5
  2778 | D:3      | Found a bloodstained altar of Trog.
  2780 | D:3      | Found an ancient bone altar of Kikubaaqudgha.
  2780 | D:3      | Found a sacrificial altar of Ru.
  2780 | D:3      | Found a hide-covered altar of Uskayaw.
  2781 | D:3      | Found an opulent altar of Gozag.
  2781 | D:3      | Found a basalt altar of Yredelemnul.
  2784 | D:3      | Found a glowing golden altar of the Shining One.
  2789 | D:3      | Found an iron altar of Okawaru.
  3325 | D:4      | Reached XP level 6. HP: 35/40 MP: 6/6
  3426 | D:4      | Got a faintly glowing hand axe
  3427 | D:4      | Identified the +6 hand axe "Haec" {vorpal, rC+ rN+ Str-5}
                  | (You found it on level 4 of the Dungeon)
  3452 | D:4      | Noticed Robin
  3473 | D:4      | Killed Robin
  3520 | D:4      | Reached skill level 5 in Fighting
  3587 | D:4      | You fall into a shaft and drop 2 floors!
  3660 | D:5      | Entered Level 5 of the Dungeon
  3721 | D:5      | Reached * piety under the Shining One
  3729 | D:5      | Reached XP level 7. HP: 44/44 MP: 7/7
  3957 | D:5      | Found Kilet's Gadget Shoppe.
  3983 | D:5      | Found a staircase to the Ecumenical Temple.
  4456 | D:4      | Noticed Natasha
  4461 | D:4      | Killed Natasha
  4503 | D:4      | Found Dufuez's Jewellery Boutique.
  4551 | D:4      | Noticed Natasha
  4556 | D:4      | Killed Natasha
  4705 | D:4      | Found a glowing silver altar of Zin.
  5314 | D:4      | Noticed Natasha
  5320 | D:4      | Killed Natasha
  5686 | D:6      | Noticed Menkaure
  5695 | D:6      | Killed Menkaure
  5696 | D:6      | Reached skill level 5 in Maces & Flails
  5696 | D:6      | Reached XP level 8. HP: 23/51 MP: 8/8
  5872 | D:6      | Found a sparkling altar of Nemelex Xobeh.
  5919 | D:6      | Noticed Grinder
  5929 | D:6      | Paralysed by Grinder for 2 turns
  5939 | D:6      | Killed Grinder
  5940 | D:6      | Reached skill level 5 in Armour
  5940 | D:6      | Reached skill level 5 in Shields
  6022 | D:6      | Reached ** piety under the Shining One
  6114 | D:6      | Noticed Edmund
  6125 | D:6      | Killed Edmund
  6257 | D:6      | Found a burning altar of Makhleb.
  6257 | D:6      | Noticed a cacodemon
  6260 | D:6      | Noticed an orange demon
  6506 | D:7      | Noticed Joseph
  6760 | D:6      | Killed Joseph
  6761 | D:6      | Reached XP level 9. HP: 28/57 MP: 9/9
  7268 | D:7      | Found a hazy altar of Hepliaklqana.
  7273 | D:7      | Noticed Duvessa
  7275 | D:7      | Noticed Dowan
  7290 | D:7      | Killed Duvessa
  7295 | D:7      | Killed Dowan
  7757 | D:8      | Found Diodeoz's Jewellery Emporium.
  7859 | D:8      | Noticed a two-headed ogre
  7859 | D:8      | Reached *** piety under the Shining One
  7867 | D:8      | Killed a two-headed ogre
  7868 | D:8      | Reached XP level 10. HP: 16/66 MP: 6/10
  8387 | D:8      | Got a crude kite shield
  8400 | D:8      | Identified the +5 kite shield of Modesty {rElec Int+2
                  | Slay+3} (You found it on level 8 of the Dungeon)
  8920 | D:9      | Found a stormy altar of Qazlal.
  8934 | D:9      | Got a bloodstained ring mail
  8945 | D:9      | Identified the +5 ring mail of Athrum {*Drain rPois rF++
                  | Regen+} (You found it on level 9 of the Dungeon)
  9061 | D:9      | Noticed a two-headed ogre
  9069 | D:9      | Killed a two-headed ogre
  9180 | D:9      | Found a staircase to the Lair.
  9458 | D:10     | Entered Level 10 of the Dungeon
  9518 | D:10     | Found a flagged portal.
  9528 | Bailey   | Entered a bailey
  9618 | Bailey   | Reached skill level 10 in Fighting
  9619 | Bailey   | Got a polished kite shield
  9630 | Bailey   | Identified the +0 kite shield "Tucritty" {rPois rC+} (You
                  | found it in a bailey)
  9644 | Bailey   | Found an iron altar of Okawaru.
  9758 | D:10     | Found a hazy altar of Hepliaklqana.
  9814 | D:10     | Reached XP level 11. HP: 58/73 MP: 11/11
 10518 | D:11     | Noticed a two-headed ogre
 10527 | D:11     | Killed a two-headed ogre
 10541 | D:11     | Reached **** piety under the Shining One
 10567 | D:11     | Noticed an unseen horror
 10571 | D:11     | Killed an unseen horror
 10653 | D:11     | Reached skill level 10 in Maces & Flails
 10766 | D:11     | Noticed a manticore
 10775 | D:11     | Killed a manticore
 10776 | D:11     | Noticed a manticore
 10788 | D:11     | Killed a manticore
 10876 | D:11     | Noticed a cyclops
 10889 | D:11     | Killed a cyclops
 10934 | D:11     | Noticed a deep elf mage
 10935 | D:11     | Noticed a centaur warrior
 10939 | D:11     | Killed a deep elf mage
 10940 | D:11     | Reached skill level 10 in Shields
 10945 | D:11     | Killed a centaur warrior
 10946 | D:11     | Reached XP level 12. HP: 80/80 MP: 12/12
 11055 | D:11     | Found a staircase to the Orcish Mines.
 11224 | D:11     | Found a runed translucent gate.
 11224 | D:11     | Found a runed translucent gate.
 11224 | D:11     | Found a runed translucent gate.
 11258 | D:11     | Reached ***** piety under the Shining One
 11258 | D:11     | Noticed lis82's ghost (journeyman DgAE)
 11302 | D:11     | Killed lis82's ghost
 11714 | Lair:1   | Entered Level 1 of the Lair of Beasts
 11759 | Lair:1   | Found a dark tunnel.
 11767 | Volcano  | Entered a volcano
 12385 | Lair:1   | Reached XP level 13. HP: 76/87 MP: 13/13
 12665 | Lair:1   | Found a radiant altar of Vehumet.
 13210 | Lair:2   | Found a staircase to the Snake Pit.
 13211 | Lair:2   | Noticed Urug
 13229 | Lair:2   | Killed Urug
 13230 | Lair:2   | Reached skill level 10 in Armour
 13410 | Lair:2   | Found the +2 shield of Resistance {rF++ rC++ Will++}
 13412 | Lair:2   | Noticed Nergalle
 13430 | Lair:2   | Killed Nergalle
 13717 | Lair:2   | Noticed Fannar
 13739 | Lair:2   | Killed Fannar
 14220 | Lair:3   | You fall into a shaft and drop 3 floors!
 14220 | Lair:6   | Entered Level 6 of the Lair of Beasts
 14288 | Lair:6   | Reached ****** piety under the Shining One
 14536 | Lair:6   | Gained mutation: Your large and strong wings let you fly
                  | indefinitely. [Gargoyle growth]
 14536 | Lair:6   | Reached XP level 14. HP: 96/96 MP: 14/14
 14716 | Lair:6   | Noticed glosham's ghost (journeyman TrBr)
 14762 | Lair:6   | Found a staircase to the Slime Pits.
 14762 | Lair:6   | Found a viscous altar of Jiyva.
 14791 | Lair:6   | Found a runed translucent gate.
 14792 | Lair:6   | Found a runed translucent gate.
 14793 | Lair:6   | Found a runed translucent gate.
 14945 | Lair:6   | Identified 2 scrolls of acquirement
 14946 | Lair:6   | Acquired the +8 plate armour of the Devil {rN+}
 14959 | Lair:6   | Acquired a +1 cloak of willpower
 15018 | Lair:6   | Killed glosham's ghost
 15019 | Lair:6   | Reached skill level 1 in Invocations
 15388 | Lair:5   | Found a gate leading to a gauntlet.
 16565 | Lair:4   | Found a staircase to the Swamp.
 16915 | Lair:4   | You are sucked into a shaft and drop 2 floors!
 17524 | Lair:3   | Noticed Gastronok
 17536 | Lair:3   | Killed Gastronok
 18086 | Orc:1    | Entered Level 1 of the Orcish Mines
 18101 | Orc:1    | Reached XP level 15. HP: 101/101 MP: 18/18
 18135 | Orc:1    | Gained mutation: You are dopey. (Int -2) [a neqoxec]
 18405 | Orc:1    | Found Ciasoot's General Store.
 18413 | Orc:1    | Bought a scroll of identify for 30 gold pieces
 18413 | Orc:1    | Bought a scroll of identify for 30 gold pieces
 18432 | Orc:1    | Noticed Sonja
 18443 | Orc:1    | Killed Sonja
 18730 | Orc:2    | Entered Level 2 of the Orcish Mines
 18929 | Orc:2    | Reached skill level 5 in Dodging
 18945 | Orc:2    | Reached skill level 5 in Invocations
 18945 | Orc:2    | Found a roughly hewn altar of Beogh.
 18961 | Orc:2    | Found Nygunud's Armour Boutique.
 18961 | Orc:2    | Found Mauveapt's Jewellery Emporium.
 19415 | Orc:2    | Found a staircase to the Elven Halls.
 19705 | Orc:2    | Found Ylusyoq's Book Emporium.
 19743 | Orc:2    | Found Xuwkus's Armour Boutique.
 19861 | Orc:2    | Noticed Rupert
 19888 | Orc:2    | Killed Rupert
 20518 | D:12     | Noticed Psyche
 20528 | D:12     | Killed Psyche
 20862 | D:12     | You are sucked into a shaft and drop 3 floors!
 20862 | D:15     | Entered Level 15 of the Dungeon
 21023 | D:15     | Found a staircase to the Depths.
 21568 | D:14     | You are sucked into a shaft and drop 1 floor!
 21849 | D:14     | Reached skill level 15 in Fighting
 23102 | D:13     | Reached skill level 15 in Shields
 23102 | D:13     | Reached XP level 16. HP: 107/108 MP: 21/21
 23240 | D:13     | Found a gate to the Vaults.
 23762 | D:12     | Upgraded the game from 0.26-a0-1038-gfb849e850a to
                  | 0.26-a0-1049-g242049e08c
 23986 | Elf:1    | Entered Level 1 of the Elven Halls
 24840 | Elf:1    | Cast into level 2 of the Abyss (+1 broad axe of distortion)
 24846 | Abyss:2  | Identified the Handbook of the Eternal Fruit
 24850 | Abyss:2  | Noticed a tentacled starspawn
 24872 | Abyss:2  | Killed a tentacled starspawn
 24873 | Abyss:2  | Reached skill level 10 in Invocations
 24881 | Abyss:2  | Found a corrupted altar of Lugonu.
 25169 | Abyss:3  | Noticed a lich
 25196 | Abyss:3  | Killed a lich
 25210 | Abyss:3  | Noticed a tentacled starspawn
 25226 | Abyss:3  | Killed a tentacled starspawn
 25286 | Abyss:3  | Noticed a Hell Sentinel
 25296 | Abyss:3  | Killed a Hell Sentinel
 25404 | Abyss:3  | Noticed a tentacled starspawn
 25417 | Abyss:3  | Killed a tentacled starspawn
 25418 | Abyss:3  | Reached XP level 17. HP: 55/116 MP: 18/24
 25478 | Abyss:3  | Noticed a tentacled starspawn
 25490 | Abyss:3  | Killed a tentacled starspawn
 25597 | Abyss:3  | Noticed a bone dragon
 25629 | Abyss:3  | Killed a bone dragon
 25736 | Abyss:3  | Paralysed by a floating eye for 3 turns
 25743 | Abyss:3  | Paralysed by a floating eye for 3 turns
 25759 | Abyss:3  | Got an abyssal rune of Zot
 26063 | Abyss:3  | Reached skill level 15 in Armour
 26134 | Elf:1    | Escaped the Abyss
 26275 | D:11     | Identified a +5 sacred scourge of holy wrath (a +3 demon
                  | whip of distortion blessed by the Shining One)
 26275 | D:11     | Received a gift from the Shining One
 26396 | Snake:1  | Entered Level 1 of the Snake Pit
 27466 | Snake:2  | Found Tedawina's Distillery.
 27473 | Snake:2  | Bought a potion of cancellation for 128 gold pieces
 27473 | Snake:2  | Bought a potion of cancellation for 128 gold pieces
 27473 | Snake:2  | Bought a potion of curing for 48 gold pieces
 27473 | Snake:2  | Bought a potion of curing for 48 gold pieces
 27473 | Snake:2  | Bought a potion of resistance for 160 gold pieces
 27473 | Snake:2  | Bought a potion of resistance for 160 gold pieces
 27504 | Snake:2  | Reached XP level 18. HP: 119/124 MP: 25/25
 27561 | Snake:2  | Noticed Azrael
 27569 | Snake:2  | Killed Azrael
 28411 | Snake:3  | Got a clouded tin amulet
 28422 | Snake:3  | Identified the amulet "Nokonot" {Reflect rElec Str-5 Int+4
                  | SH+5} (You found it on level 3 of the Snake Pit)
 28524 | Snake:3  | Noticed Nikola
 28543 | Snake:3  | Killed Nikola
 28847 | Snake:3  | Noticed Aizul
 28858 | Snake:3  | Killed Aizul
 30117 | Snake:4  | Entered Level 4 of the Snake Pit
 30123 | Snake:4  | Noticed Vashnia
 30197 | Snake:4  | Killed Vashnia
 30214 | Snake:4  | Noticed Roxanne
 30230 | Snake:4  | Killed Roxanne
 30356 | Snake:4  | Noticed Agnes
 30368 | Snake:4  | Killed Agnes
 30435 | Snake:4  | Reached skill level 15 in Maces & Flails
 30442 | Snake:4  | Noticed Asterion
 30784 | Snake:4  | Reached XP level 19. HP: 131/131 MP: 26/26
 30822 | Snake:3  | Killed Asterion
 30943 | Snake:4  | Reached skill level 10 in Dodging
 31363 | Snake:4  | Got a serpentine rune of Zot
 32308 | Swamp:1  | Entered Level 1 of the Swamp
 32311 | Swamp:1  | Noticed Frances
 32321 | Swamp:1  | Killed Frances
 32673 | Swamp:1  | Noticed Jorgrun
 32687 | Swamp:1  | Killed Jorgrun
 34060 | Swamp:3  | Found a runed translucent door.
 34163 | Swamp:3  | Paralysed by you for 3 turns
 34407 | Swamp:3  | Noticed Kirke
 34408 | Swamp:3  | Reached XP level 20. HP: 139/139 MP: 27/27
 34417 | Swamp:3  | Killed Kirke
 34431 | Swamp:3  | Found a frozen archway.
 34440 | IceCv    | Entered an ice cave
 35198 | Swamp:4  | Entered Level 4 of the Swamp
 35686 | Swamp:4  | Acquired 853 gold pieces
 35884 | Swamp:4  | Got a decaying rune of Zot
 36503 | Vaults:1 | Entered Level 1 of the Vaults
 36812 | Vaults:1 | Found the +0 sword of Power
 37597 | Vaults:1 | Reached XP level 21. HP: 146/146 MP: 28/28
 38738 | Vaults:2 | You are sucked into a shaft and drop 2 floors!
 38772 | Vaults:4 | Found Etodepyn's Distillery.
 38803 | Vaults:4 | Bought a potion of haste for 140 gold pieces
 38803 | Vaults:4 | Bought a potion of heal wounds for 70 gold pieces
 38803 | Vaults:4 | Bought a potion of heal wounds for 70 gold pieces
 38803 | Vaults:4 | Bought 2 potions of might for 112 gold pieces
 38803 | Vaults:4 | Bought a potion of curing for 42 gold pieces
 38803 | Vaults:4 | Bought a potion of curing for 42 gold pieces
 38803 | Vaults:4 | Bought a potion of haste for 140 gold pieces
 38861 | Vaults:4 | Bought a potion of magic for 112 gold pieces
 38966 | Vaults:4 | Found Tuptan's Antique Weapon Boutique.
 38983 | Vaults:4 | Bought a brightly glowing morningstar for 378 gold pieces
 38983 | Vaults:4 | Identified the cursed +0 morningstar of the Tundras {venom,
                  | *Slow rElec Will+ Int+3} (You bought it in a shop on level
                  | 4 of the Vaults)
 39160 | Vaults:4 | Found Noal's Magic Scroll Shoppe.
 39164 | Vaults:4 | Bought a scroll of magic mapping for 63 gold pieces
 39184 | Vaults:4 | Noticed Jory
 39189 | Vaults:4 | Killed Jory
 39466 | Vaults:4 | Noticed Donald
 39481 | Vaults:4 | Killed Donald
 39809 | Vaults:5 | Entered Level 5 of the Vaults
 40105 | Vaults:4 | Reached XP level 22. HP: 88/153 MP: 29/29
 40941 | Vaults:5 | Got a silver rune of Zot
 41086 | Vaults:5 | Reached skill level 1 in Evocations
 41120 | Vaults:5 | Identified the +11 quarterstaff of Benukhel {flame, *Noise
                  | rPois Dex-4 SInv}
 41135 | Vaults:5 | Identified the +5 trident of Doom {vorpal, Str+5 Int+2}
 41278 | Vaults:5 | Identified the +8 arbalest "Hunu" {speed, Stlth+}
 41278 | Vaults:5 | Identified the amulet of Kikubaaqudgha's Favour {RegenMP
                  | rPois rF+}
 41301 | Vaults:5 | Reached XP level 23. HP: 98/160 MP: 30/30
 41396 | Vaults:5 | Reached skill level 5 in Evocations
 41406 | Vaults:5 | Got a transparent helmet
 41407 | Vaults:5 | Identified the +2 helmet of Ysotovie {+Blink +Fly} (You
                  | found it on level 5 of the Vaults)
 42109 | Vaults:5 | Got a scorched plate armour
 42110 | Vaults:5 | Identified the +5 plate armour of Polish {Harm rC+ Str+2}
                  | (You found it on level 5 of the Vaults)
 42462 | Vaults:3 | Found a staircase to the Crypt.
 42462 | Vaults:3 | Found an ancient bone altar of Kikubaaqudgha.
 42463 | Vaults:3 | Found a basalt altar of Yredelemnul.
 42649 | Vaults:3 | You are sucked into a shaft and drop 1 floor!
 43708 | Vaults:3 | You are sucked into a shaft and drop 1 floor!
 43761 | Vaults:3 | Identified the +4 scimitar of Wybrap {elec, *Contam rF+
                  | rC++ Will+}
 45555 | Vaults:2 | Reached XP level 24. HP: 165/168 MP: 32/32
 45841 | Vaults:2 | Found Zuwk's Antique Armour Boutique.
 45848 | Vaults:2 | Bought the +3 pair of gauntlets of War {Slay+5} for 1662
                  | gold pieces
 45848 | Vaults:2 | Found the +3 pair of gauntlets of War {Slay+5}
 46501 | Depths:1 | Entered Level 1 of the Depths
 46528 | Depths:1 | Reached skill level 10 in Evocations
 46780 | Depths:1 | Found Pabuf's Weapon Emporium.
 46783 | Depths:1 | Found Tuokass's Antique Armour Shoppe.
 46783 | Depths:1 | Found Ribuch's Antique Weapon Emporium.
 46788 | Depths:1 | Found Selosch's Book Shoppe.
 46794 | Depths:1 | Bought a book of Air for 840 gold pieces
 46797 | Depths:1 | Learned a level 2 spell: Wereblood
 46901 | Depths:1 | Reached skill level 1 in Spellcasting
 46942 | Depths:1 | Found a gateway to Hell.
 46947 | Depths:1 | Reached skill level 1 in Transmutations
 47586 | Depths:1 | Found a one-way gate leading to the halls of Pandemonium.
 48871 | Depths:2 | Found a hide-covered altar of Uskayaw.
 48913 | Depths:2 | Found Xierchu's Miraculous Elixirs.
 48994 | Depths:2 | Found The Legendary Oravewn's Legendary Smithy.
 49018 | Depths:2 | Found Putzemp's General Store.
 49040 | Depths:2 | Bought 2 potions of might for 128 gold pieces
 49040 | Depths:2 | Bought a scroll of teleportation for 48 gold pieces
 49452 | Depths:2 | Reached XP level 25. HP: 99/173 MP: 32/32
 49813 | Depths:2 | Reached skill level 5 in Spellcasting
 49899 | Depths:2 | Found a broken altar of Ashenzari.
 49991 | Depths:2 | Found a bloodstained altar of Trog.
 50765 | Depths:3 | Found a portal to a secret trove of treasure.
 51084 | Depths:3 | Reached skill level 5 in Transmutations
 51507 | Depths:4 | Noticed the Enchantress
 51540 | Depths:4 | Killed the Enchantress
 51587 | Depths:4 | HP: 7/173 [deep elf high priest/damnation (30)]
 51932 | Depths:4 | Found a runed translucent door.
 52114 | Depths:4 | Learned a level 2 spell: Swiftness
 52162 | Depths:4 | Reached skill level 1 in Air Magic
 52175 | Depths:4 | Splashed by an acid blob's acid

Illustrated notes

Levels and vault maps discovered:
D:1:      dpeg_arrival_rooms_a, layout_basic, minmay_hexomino_f4
D:2:      layout_rooms, regret_index_temple_of_mockery, hex_intersection,
          nicolae_tso_swordbearing_angel
D:3:      kb_forest_paths, layout_basic, grunt_temple_overflow_open,
          grunt_ministairs_1, hangedman_abyss_or_decor_lesser_grid
D:4:      layout_basic, lemuel_doored_altar, serial_shops, kennysheep_mini_moat,
          uniq_natasha, uniq_robin
D:5:      layout_gridville, minmay_temple_entry_enclosed_plants, serial_shops,
          shop
D:6:      layout_cave_pods, nemelex_xobeh_ov_fountains_minmay,
          makhleb_altar_promises_db, uniq_menkaure, uniq_grinder, uniq_edmund
D:7:      layout_cave_pools, basic_altar, kennysheep_generic_room_7,
          uniq_duvessa, uniq_joseph
D:8:      layout_basic, serial_shops, nicolae_shop_waterfront
D:9:      layout_basic, nicolae_overflow_hidden_temple, lair_entry_dummy
D:10:     layout_long_grid, enter_bailey_3, basic_altar
D:11:     minmay_the_grid_4x2 [minmay_the_grid_zigzag_pyramid,
          minmay_the_grid_spikes, minmay_the_grid_plusring,
          minmay_the_grid_diamond_grid, minmay_the_grid_medium_cups,
          minmay_the_grid_embedded, minmay_the_grid_small_cups,
          minmay_the_grid_prize_four_corners], layout_loops_ring, orc_0_dummy,
          gammafunk_ghost_spectres, small_statue_intersection
D:12:     layout_stronghold, uniq_psyche
D:13:     layout_rooms, david_vaults_1
D:14:     layout_basic, serial_park_square1 [serial_park_minivault_5x5_8],
          minivault_5
D:15:     gammafunk_depths_entry_grave, layout_basic,
          chequers_serial_rivers_room_b
Lair:1:   layout_roguey [special_room_bee], enter_volcano_1, basic_altar,
          lemuel_fruit_fields
Lair:2:   layout_gridlike, guppyfry_snake_entry_garden, patterned_corridor,
          uniq_urug, uniq_fannar, uniq_nergalle
Lair:3:   layout_small_grid, uniq_gastronok
Lair:4:   layout_big_grid, palyth_hydra_swamp_entry
Lair:5:   layout_loops_ring, gauntlet_entry_generic, minmay_hedge_maze,
          beast_lair_carwin_2, lemuel_fruit_fields, serial_bayou_shore_a
Lair:6:   gammafunk_lair_ancient_temple, layout_big_grid, slime_altar_1,
          maelrawn_ghost_gauntlet_escape
Swamp:1:  layout_falls_marsh, nicolae_swamp_very_dense_foliage, swamp_pool3,
          uniq_frances, uniq_jorgrun
Swamp:2:  layout_basic_swamp, serial_swamp_ruin, evilmike_swamp_ruin_house_4,
          evilmike_swamp_ruin_house_2
Swamp:3:  gammafunk_mikee_crab_dinner, layout_basic_swamp,
          portal_ice_cave_entry_pillars_1, nicolae_swamp_round_clearing,
          swamp_pool4, infiniplex_staircase_pool_2, uniq_kirke
Swamp:4:  swamp_alternative, layout_basic_swamp, infiniplex_staircase_pool
Snake:1:  layout_honeycomb, lemuel_fruit_tree
Snake:2:  layout_onion, st_stairs_11, minmay_shop_star, uniq_azrael
Snake:3:  cheibrodos_snake_lava_hold, layout_grid_maze, uniq_aizul, uniq_nikola
Snake:4:  johnstein_snake_rune_scales, layout_onion_interference, basic_altar,
          uniq_vashnia, uniq_roxanne, uniq_agnes, uniq_asterion
Orc:1:    layout_diamond_mine, serial_shops, shop, uniq_sonja
Orc:2:    st_orc_town, layout_caves, nicolae_orc_stony_grotto, uniq_rupert
Elf:1:    minmay_elf_arrival_circle, layout_onion_city,
          hangedman_elven_crosses_minicolossus
Vaults:1: ontoclasm_vaults_ring_small, dpeg_vaults_waves, v_misc_28,
          nicolae_vaults_network_quinsquares
          [nicolae_vaults_network_quincunx_subvault,
          nicolae_vaults_network_quincunx_subvault,
          nicolae_vaults_network_quincunx_subvault,
          nicolae_vaults_network_quincunx_subvault], vaults_mumra_chevron_long,
          ontoclasm_vaults_decontamination, vaults_mumra_hexcomb,
          hangedman_vaults_slice, vaults_mumra_lcd,
          nicolae_vaults_border_crossing, v_misc_11, nicolae_vaults_rhombus_6,
          layout_vaults_big_cross
Vaults:2: grunt_vaults_hallway_long, ontoclasm_vaults_ring_square,
          v_alt_pattern_4, nicolae_vaults_little_squares_1,
          nicolae_vaults_asterisk, nicolae_vaults_hallways_thing,
          hangedman_vaults_snaps, vaults_dpeg_diagonal,
          vaults_dpeg_encased_lava, layout_vaults_omnigrid, serial_shops, shop
Vaults:3: nicolae_vaults_big_angled_halls, nicolae_vaults_rhombus_7,
          nicolae_vaults_network_periphery, ontoclasm_vaults_chip,
          nicolae_vaults_arrows, vaults_room_pool, ontoclasm_vaults_ligature,
          v_pattern_5, minmay_crypt_entry_necro_gods,
          nicolae_vaults_sealed_display, vaults_room_large_hall,
          nicolae_vaults_yaktaur_gun_rack, nicolae_vaults_little_squares_2,
          grunt_vaults_hallway_long, layout_vaults_maze_snakey
Vaults:4: vaults_room_mumra_shop_pool, dpeg_vaults_monster_box, v_alt_pattern_4,
          v_alt_pattern_6, vaults_mumra_minichess, hangedman_vaults_slice,
          v_misc_11, ontoclasm_vaults_claustrophobia, v_alt_pattern_1,
          nicolae_vaults_asterisk, layout_vaults_ring, serial_shops, shop, shop,
          uniq_jory, uniq_donald
Vaults:5
Depths:1: layout_gridlike, dk_noncrumbling_3, grunt_hell_horde,
          grunt_pan_entry_spiral, serial_bayou_lagoon_a, serial_bayou_lagoon_b,
          serial_bayou_shore_b, minmay_shoptagon
Depths:2: grated_community_mu [grated_community_mu_vampire_home,
          grated_community_mu_giant_home, grated_community_mu_spellcaster_home,
          grated_community_mu_orcish_home, grated_community_mu_troll_home,
          grated_community_mu_taur_home, grated_community_mu_unbuilt_plot],
          layout_long_grid, chequers_serial_rivers_room_a, hell_entry,
          infiniplex_staircase_zigzag_3, serial_bayou_shore_b
Depths:3: kennysheep_spiral_hall, layout_gridlike, serial_sigils,
          serial_sigils_hangedman_gut, serial_sigils_hangedman_writhe,
          serial_sigils_hangedman_shear, serial_sigils_hangedman_snap,
          serial_sigils_hangedman_snap, hell_entry, rand_demon_pan_entry_3,
          trove_entry_hex_spiral
Depths:4: lemuel_minitomb, layout_long_grid,
          nicolae_abyss_entry_one_way_or_another, hell_entry, st_stairs_10,
          minmay_acid_items, uniq_enchantress

Skill      XL: |  1  2  3  4  5  6  7  8  9 10 11 12 13 14 15 16 17 18 19 20 21 22 23 24 25 |
---------------+----------------------------------------------------------------------------+-----
Fighting       | 4 5 6 7 9 10 11 12 14 15 16 17 18 19 20 21 22 | 22.2
Maces & Flails | 3 4 5 6 8 9 10 11 12 13 14 15 16 17 18 19 21 22 | 22.6
Dodging        | 1 2 3 4 6 7 9 10 11 12 13 | 13.2
Shields        | 4 5 6 8 10 11 12 13 15 | 15.0
Armour         | 4 5 6 7 8 9 10 11 13 15 16 17 18 19 20 | 20.7
Invocations    | 4 7 10 12 | 12.0
Evocations     | 4 9 10 | 10.0
Spellcasting   | 4 6 |  6.5
Transmutations | 4 6 |  6.0
Air Magic      | 1 |  1.0

Action                   |  1- 3 |  4- 6 |  7- 9 | 10-12 | 13-15 | 16-18 | 19-21 | 22-24 | 25-27 || total
-------------------------+-------+-------+-------+-------+-------+-------+-------+-------+-------++-------
Melee: Flail             |   126 |   165 |   145 |   627 |  1496 |   669 |       |       |       ||  3228
       Hand axe          |       |    48 |    92 |       |       |       |       |       |       ||   140
       Unarmed           |       |       |       |     2 |       |       |       |       |       ||     2
       Sacred scourge    |       |       |       |       |       |   628 |  1742 |  1748 |   353 ||  4471
 Cast: Wereblood         |       |       |       |       |       |       |       |     7 |     7 ||    14
Invok: Divine Shield     |       |       |     1 |       |     2 |     7 |     8 |     9 |     3 ||    30
       Cleansing Flame   |       |       |       |       |       |     7 |     1 |     1 |     1 ||    10
       Summon Divine War |       |       |       |       |       |    10 |       |     2 |       ||    12
       Brand Weapon With |       |       |       |       |       |     1 |       |       |       ||     1
 Abil: Fly               |       |       |       |       |     1 |       |       |       |       ||     1
Evoke: Wand              |       |       |       |       |       |       |       |     1 |       ||     1
  Use: Scroll            |       |       |       |    23 |    14 |    14 |     9 |     6 |     2 ||    68
       Potion            |       |       |       |       |     3 |    19 |     4 |    17 |    10 ||    53
Armor: Scale mail        |    95 |   103 |   108 |    16 |       |       |       |       |       ||   322
       Ring mail         |       |       |       |   158 |   164 |       |       |       |       ||   322
       Plate armour      |       |       |       |       |   407 |   384 |   713 |   510 |   179 ||  2193
Dodge: Dodged            |    47 |    49 |    74 |   161 |   349 |   262 |   486 |   408 |   156 ||  1992
Block: Kite shield       |    92 |    88 |   123 |   507 |  1412 |  1104 |  1806 |  1596 |   441 ||  7169
       Reflection        |       |       |       |       |       |    36 |   151 |    93 |    30 ||   310

Table legend: (Time is in decaauts)
 A = Elapsed time spent in this place.
 B = Non-inter-level travel time spent in this place.
 C = Inter-level travel time spent in this place.
 D = Time resting spent in this place.
 E = Time spent auto-exploring this place.
 F = Levels seen in this place.
 G = Mean time per level.
                   A        B        C        D        E       F      G
               +--------+--------+--------+--------+--------+-----+--------+
         Total |  49602 |  46734 |   2868 |   4475 |  27310 |  46 | 1078.3 |
       Dungeon |  15867 |  14612 |   1255 |   1363 |  10242 |  15 | 1057.8 |
          Lair |   6184 |   5577 |    607 |    206 |   3633 |   6 | 1030.7 |
         Swamp |   3175 |   3099 |     76 |    295 |   1925 |   4 |  793.8 |
     Snake Pit |   4610 |   4264 |    346 |    529 |   2404 |   4 | 1152.5 |
  Orcish Mines |   2589 |   2103 |    486 |    151 |   1202 |   2 | 1294.5 |
   Elven Halls |    780 |    760 |     20 |     66 |    407 |   1 |  780.0 |
        Vaults |   8865 |   8789 |     76 |    976 |   4271 |   5 | 1773.0 |
        Depths |   5225 |   5225 |      0 |    696 |   2578 |   4 | 1306.2 |
         Abyss |   1154 |   1154 |      0 |     12 |    235 |   2 |  577.0 |
        Bailey |    179 |    179 |      0 |      0 |     24 |   1 |  179.0 |
      Ice Cave |    519 |    519 |      0 |    180 |    128 |   1 |  519.0 |
       Volcano |    451 |    451 |      0 |      0 |    261 |   1 |  451.0 |
               +--------+--------+--------+--------+--------+-----+--------+

Top non-repeatable levels by time:
Vaults:4: 2365 daAuts
Depths:2: 2250 daAuts
 Snake:3: 1930 daAuts
Vaults:5: 1715 daAuts
Vaults:3: 1643 daAuts
     D:4: 1627 daAuts
Vaults:1: 1607 daAuts
Vaults:2: 1534 daAuts
   Orc:2: 1497 daAuts
     D:6: 1467 daAuts
    D:14: 1381 daAuts
     D:9: 1377 daAuts
Depths:3: 1244 daAuts
     D:1: 1206 daAuts
Depths:1: 1162 daAuts
